 Dungeon Crawl Stone Soup version 0.30-a0-1043-g60ff8d5f49 (webtiles) character file.

Game seed: 16751417406040678941

312 GigaChad the Shield-Bearer (level 6, -11/49 HPs)
             Began as a Formicid Fighter on Apr 11, 2023.
             Killed by nerve-wracking pain
             ... invoked by an orc priest
              (14 damage)
             ... on level 4 of the Dungeon.
             The game lasted 00:03:17 (2832 turns).

GigaChad the Shield-Bearer (Formicid Fighter)       Turns: 2832, Time: 00:03:17

Health: -11/49     AC:  7    Str: 23    XL:     6   Next: 70%
Magic:  6/6        EV:  9    Int:  7    God:
Gold:   125        SH:  5    Dex: 13    Spells: 5/5 levels left

rFire   . . .      SeeInvis +    a - +0 war axe
rCold   . . .      Faith    .    c - +0 buckler
rNeg    . . .      Spirit   .    b - +0 scale mail
rPois   .          Reflect  .    (helmet unavailable)
rElec   .          Rampage  .    (no cloak)
rCorr   .                        (no gloves)
Will    .....                    (no boots) Stlth
                                 (no amulet)
HPRegen 0.28/turn                (no ring)
MPRegen 0.10/turn                (no ring)

@: lethally poisoned (-11 -> -17)
A: permanent stasis, dig shafts and tunnels, antennae 3, four strong arms
a: Dig, Shaft Self


You were on level 4 of the Dungeon.
You visited 1 branch of the dungeon, and saw 4 of its levels.

You collected 125 gold pieces.

Inventory:

Hand Weapons
 a - a +0 war axe (weapon)
Armour
 b - a +0 scale mail (worn)
 c - a +0 buckler (worn)
Wands
 s - a wand of mindburst (4)
Scrolls
 e - a scroll of enchant armour {unknown}
 g - 2 scrolls of vulnerability {unknown}
 i - 2 scrolls of noise {unknown}
 k - a scroll of enchant weapon {unknown}
 l - a scroll of butterflies {unknown}
 m - 3 scrolls of teleportation {unknown}
 o - 2 scrolls of amnesia {unknown}
 p - a scroll of poison {unknown}
 r - a scroll of immolation {unknown}
Potions
 d - a potion of might
 f - 3 potions of flight {unknown}
 h - a potion of attraction {unknown}
 j - a potion of resistance {unknown}
 n - 2 potions of curing {unknown}
 q - a potion of heal wounds {unknown}


   Skills:
 + Level 4.3 Fighting
 + Level 4.4 Axes
 + Level 4.6 Armour
 + Level 0.6 Dodging
 + Level 0.9 Stealth
 + Level 5.0 Shields


You had 5 spell levels left.
You didn't know any spells.
Your spell library contained the following spells:

 Spells                   Type           Power      Damage    Failure   Level
 Stone Arrow              Conj/Erth      0%         3d7       99%         3
 Animate Armour           Summ/Erth      0%         N/A       100%        4
 Lehudib's Crystal Spear  Conj/Erth      0%         10d2      100%        8


Dungeon Overview and Level Annotations

Branches:
Dungeon (4/15)
 Temple: D:4-7

Altars:
Hepliaklqana
Vehumet

Annotations:
D:3 exclusion: statue


Innate Abilities, Weirdness & Mutations

You cannot be hasted, slowed, berserked, paralysed or teleported.
You can dig through walls and to a lower floor.
You have a pair of large antennae on your head. (SInv)
Your four strong arms can wield two-handed weapons with a shield.


Message History

The black bear claws you but does no damage.
You block the black bear's attack.
The orc priest casts a cantrip, but nothing happens.
The adder bites you.
You are poisoned.
The adder poisons you!
You barely miss the black bear.
The black bear is severely wounded.
You hit the orc. You miss the adder.
You feel very sick. The black bear closely misses you. x2
The black bear claws you but does no damage.
The orc hits you but does no damage.
The orc priest invokes the aid of Beogh against you.
Beogh smites you!
* * * LOW HITPOINT WARNING * * *
The adder bites you.
* * * LOW HITPOINT WARNING * * *
You are lethally poisoned!
The adder poisons you!
An orc comes into view. It is wielding a +0 mace.
The black bear bites you but does no damage.
The black bear barely misses you. You block the black bear's attack.
The orc shouts!
Are you sure you want to shaft yourself?
* * * LOW HITPOINT WARNING * * *
You feel sick. The adder bites you but does no damage.
The black bear bites you but does no damage.
The black bear claws you but does no damage.
The black bear claws you.
* * * LOW HITPOINT WARNING * * *
The orc hits you but does no damage. You block the orc priest's attack.
The adder bites you but does no damage.
You begin to dig a shaft.
You continue digging a shaft.
* * * LOW HITPOINT WARNING * * *
You feel very sick. The adder bites you but does no damage.
The orc priest calls down the wrath of Beogh upon you.
Pain shoots through your body!
You die...

#.............##'####
#....####............
#....# #............
#....# #............
#....# #............
#....# ######.......
#....# #.......
#..oo# #.......
#..o@# #.......
#$oSh# #...o# #....#
#....+ #..o.# #.....
#.....


You could see a black bear, 2 orc priests, an orc wizard (invisible), an adder
and 3 orcs.

Vanquished Creatures
  A black bear (D:2)
  A phantom (D:3)
  An orc priest (D:3)
  An iguana (D:4)
  3 adders
  A worm (D:2)
  2 dart slugs
  4 orcs (D:3)
  3 ball pythons
  4 bats
  3 endoplasms
  3 giant cockroaches
  8 goblins
  4 hobgoblins (D:1)
  5 quokkas
  A frilled lizard (D:2)
  6 kobolds
  2 rats
53 creatures vanquished.

Notes
Turn   | Place    | Note
-------+----------+-------------------------------------------
     0 | D:1      | GigaChad the Formicid Fighter began the quest for the Orb.
     0 | D:1      | Reached XP level 1. HP: 18/18 MP: 1/1
   153 | D:1      | Reached XP level 2. HP: 19/20 MP: 2/2
   378 | D:1      | Reached XP level 3. HP: 28/28 MP: 3/3
  1051 | D:2      | Noticed a black bear
  1067 | D:2      | Killed a black bear
  1068 | D:2      | Reached XP level 4. HP: 15/37 MP: 4/4
  1068 | D:2      | Reached XP level 5. HP: 17/42 MP: 5/5
  1452 | D:2      | You fall into a shaft and drop 1 floor!
  1531 | D:3      | Found a radiant altar of Vehumet.
  1531 | D:3      | Noticed a charred statue
  1695 | D:3      | Noticed a phantom
  1715 | D:3      | Killed a phantom
  1716 | D:3      | Reached XP level 6. HP: 23/48 MP: 6/6
  1807 | D:3      | Found a hazy altar of Hepliaklqana.
  2743 | D:4      | Reached skill level 5 in Shields
  2821 | D:4      | Noticed a black bear
  2832 | D:4      | Killed from afar by an orc priest

Illustrated notes

Levels and vault maps discovered:
D:1:      lightli_arrival_boilingwater, layout_basic, chequers_decorated_corner
D:2:      layout_basic
D:3:      layout_basic, vehumet_statue, nicolae_overflow_crystal_walls,
          serial_aquarium, aquarium_bridge_island_small
          [aquarium_subvault_small_open, aquarium_subvault_wall,
          aquarium_subvault_window, aquarium_subvault_bridge,
          aquarium_subvault_wall], aquarium_bridge_straight
          [aquarium_subvault_bridge, aquarium_subvault_window,
          aquarium_subvault_bridge, aquarium_subvault_balcony],
          aquarium_window_2, aquarium_window_1, aquarium_view_2d,
          aquarium_balcony_1b, aquarium_pool_S
D:4:      layout_gridville

Skill      XL: |  1  2  3  4  5  6 |
---------------+-------------------+-----
Axes           | 3 4 |  4.4
Armour         | 4 |  4.6
Fighting       | 4 |  4.3
Shields        | 5 |  5.0
Dodging        | |  0.6
Stealth        | |  0.9

Action                     |  1- 3 |  4- 6 || total
---------------------------+-------+-------++-------
  Melee: War axe           |    61 |    97 ||   158
Ability: Dig               |     4 |       ||     4
         Shaft Self        |       |     1 ||     1
 Armour: Scale mail        |    39 |    48 ||    87
  Dodge: Dodged            |    38 |    51 ||    89
  Block: Buckler           |    18 |    24 ||    42

Table legend: (Time is in decaauts)
 A = Elapsed time spent in this place.
 B = Non-inter-level travel time spent in this place.
 C = Inter-level travel time spent in this place.
 D = Time resting spent in this place.
 E = Time spent auto-exploring this place.
 F = Levels seen in this place.
 G = Mean time per level.
                   A        B        C        D        E       F      G
               +--------+--------+--------+--------+--------+-----+--------+
         Total |   2892 |   2817 |     75 |      0 |   2326 |   4 |  723.0 |
       Dungeon |   2892 |   2817 |     75 |      0 |   2326 |   4 |  723.0 |
               +--------+--------+--------+--------+--------+-----+--------+

Top non-repeatable levels by time:
     D:3: 1237 daAuts
     D:1: 911 daAuts
     D:2: 646 daAuts
     D:4: 97 daAuts
